| TOP OF THE 1ST |
|
Huron Cubs batting - Pitching for Duluth-Superior Dukes : RHP Wallace Nunn
|
|
Pitching: RHP Wallace Nunn
|
|
|
Batting: RHB Joe Pettini
|
0-0: Fly out, F7 (Flyball, 7S, EV 88.1 MPH)
|
|
Batting: RHB John Alvarez
|
0-0: Ball 1-0: Called Strike 1-1: Ball 2-1: Foul Ball, location: 2F 2-2: SINGLE (Line Drive, 9S, EV 98.1 MPH)
|
|
Batting: LHB Dennis Mork
|
0-0: Ball 1-0: SINGLE (Groundball, 34S, EV 71.3 MPH) (infield hit) John Alvarez to second
|
|
Batting: RHB Leo Hernandez
|
0-0: Fly out, F9 (Flyball, 89M, EV 88.1 MPH)
|
|
Batting: RHB Charles Curry
|
0-0: Foul Ball, location: 2F 0-1: Ball 1-1: Ground out U3 (Groundball, 34, EV 110.0 MPH)
|
| Top of the 1st over - 0 runs, 2 hits, 0 errors, 2 left on base; Huron 0 - Duluth-Superior 0 |
| BOTTOM OF THE 1ST |
|
Duluth-Superior Dukes batting - Pitching for Huron Cubs : RHP Roy Moretti
|
|
Pitching: RHP Roy Moretti
|
|
|
Batting: RHB Mark Oestreich
|
0-0: Ball 1-0: Ball 2-0: Foul Ball, location: 2F 2-1: Ball 3-1: Base on Balls
|
|
Batting: LHB George Evans
|
0-0: Ball 1-0: Ball 2-0: Foul Ball, location: 2F 2-1: SINGLE (Groundball, 4D, EV 104.4 MPH) Mark Oestreich to second Runner from 2nd tries for 3rd, SAFE, no throw by CF
|
|
Batting: RHB Tony Velasquez
|
0-0: Ball 1-0: Ball 2-0: Called Strike 2-1: SINGLE (Groundball, 6MD, EV 98.1 MPH) Mark Oestreich scores George Evans to second Runner from 2nd tries for 3rd, SAFE, throw by CF made to third
|
|
Batting: LHB Randy Putman
|
0-0: Called Strike 0-1: Swinging Strike 0-2: Foul Ball, location: 2F 0-2: Ball 1-2: Foul Ball, location: 2F 1-2: Foul Ball, location: 2F 1-2: Foul Ball, location: 2F 1-2: Grounds into double play, 6-4-3 (Groundball, 6, EV 88.8 MPH) George Evans scores
|
|
Batting: RHB James Rothford
|
0-0: SINGLE (Groundball, 6MD, EV 103.1 MPH)
|
|
Batting: LHB Leonard Morin
|
0-0: Ball 1-0: Swinging Strike 1-1: Ball 2-1: Ball 3-1: DOUBLE (Line Drive, 3D, EV 103.1 MPH) James Rothford to third
|
|
Batting: RHB Everette Smith
|
0-0: Called Strike 0-1: Ball 1-1: SINGLE (Line Drive, 6D, EV 94.4 MPH) James Rothford scores Leonard Morin to third Runner from 3rd tries for Home, SAFE, throw by LF to home
|
|
Batting: RHB Carlos Rios
|
0-0: Ball 1-0: Called Strike 1-1: Ball 2-1: SINGLE (Line Drive, 78M, EV 95.0 MPH) Everette Smith to second
|
|
Batting: RHB Jim Ayers
|
0-0: Fly out, F7 (Line Drive, 7D, EV 94.4 MPH)
|
| Bottom of the 1st over - 4 runs, 6 hits, 0 errors, 2 left on base; Huron 0 - Duluth-Superior 4 |
| TOP OF THE 2ND |
|
Huron Cubs batting - Pitching for Duluth-Superior Dukes : RHP Wallace Nunn
|
|
Batting: LHB Donald Fusari
|
0-0: Ball 1-0: Called Strike 1-1: Called Strike 1-2: Strikes out looking
|
|
Batting: SHB Alfred Nichols
|
0-0: Ball 1-0: Ball 2-0: Ball 3-0: Called Strike 3-1: Base on Balls
|
|
Batting: RHB Robert Benda
|
0-0: Called Strike 0-1: Grounds into double play, 6-4-3 (Groundball, 6, EV 87.5 MPH)
|
| Top of the 2nd over - 0 runs, 0 hits, 0 errors, 0 left on base; Huron 0 - Duluth-Superior 4 |
| BOTTOM OF THE 2ND |
|
Duluth-Superior Dukes batting - Pitching for Huron Cubs : RHP Roy Moretti
|
|
Batting: RHB Mark Oestreich
|
0-0: Called Strike 0-1: Called Strike 0-2: Foul Ball, location: 2F 0-2: Ball 1-2: Ball 2-2: Ball 3-2: Base on Balls
|
|
Batting: LHB George Evans
|
0-0: Ball 1-0: Ball 2-0: Ball 3-0: Called Strike 3-1: Called Strike 3-2: Base on Balls Mark Oestreich to second
|
|
Batting: RHB Tony Velasquez
|
0-0: SINGLE (Groundball, 6MD, EV 101.3 MPH) Mark Oestreich to third George Evans to second Runner from 3rd tries for Home, SAFE, throw by CF to home
|
|
Batting: LHB Randy Putman
|
0-0: Foul Ball, location: 2F 0-1: Ball 1-1: Reached on error, E1 (Groundball, 13, EV 61.3 MPH) George Evans to third Tony Velasquez to second
|
|
Batting: RHB James Rothford
|
0-0: Foul Ball, location: 2F 0-1: Called Strike 0-2: SINGLE (Line Drive, 3D, EV 98.1 MPH) George Evans scores Tony Velasquez to third Randy Putman to second
|
|
Batting: LHB Leonard Morin
|
0-0: Called Strike 0-1: Ball 1-1: Foul Ball, location: 2F 1-2: Ball 2-2: Foul Ball, location: 2F 2-2: Ball 3-2: Base on Balls Tony Velasquez scores Randy Putman to third James Rothford to second
|
|
Batting: RHB Everette Smith
|
0-0: Ball 1-0: Called Strike 1-1: SINGLE (Flyball, 89S, EV 96.9 MPH) Randy Putman scores James Rothford to third Leonard Morin to second Runner from 3rd tries for Home, SAFE, no throw by RF
|
|
Batting: RHB Carlos Rios
|
0-0: Called Strike 0-1: Foul Ball, location: 2F 0-2: Ball Passed Ball! Leonard Morin to third Everette Smith to second 1-2: Ball 2-2: SINGLE (Groundball, 56D, EV 96.3 MPH) Leonard Morin scores Everette Smith to third Runner from 3rd tries for Home, SAFE, no throw by LF
|
|
Batting: RHB Jim Ayers
|
Pickoff Throw to First - Error! E1 Carlos Rios to second 0-0: Ball 1-0: Fly out, F7 (Line Drive, 7, EV 98.1 MPH)
|
|
Batting: RHB Mark Oestreich
|
0-0: Ball 1-0: SINGLE (Line Drive, 8RS, EV 105.0 MPH) Carlos Rios to third Runner from 3rd tries for Home, SAFE, throw by CF to home Mark Oestreich to second
|
|
Batting: LHB George Evans
|
0-0: Ball 1-0: Ball 2-0: Ball 3-0: Called Strike 3-1: Called Strike 3-2: Foul Ball, location: 2F 3-2: Base on Balls
|
|
Batting: RHB Tony Velasquez
|
0-0: Ball 1-0: Ball 2-0: Called Strike 2-1: SINGLE (Line Drive, 89S, EV 101.9 MPH) Mark Oestreich to third George Evans to second Runner from 3rd tries for Home, SAFE, throw by RF to home
|
|
Batting: LHB Randy Putman
|
0-0: Ball Passed Ball! George Evans to third Tony Velasquez to second 1-0: SINGLE (Line Drive, 78M, EV 101.9 MPH) George Evans scores Tony Velasquez to third
|
|
Batting: RHB James Rothford
|
0-0: Fly out, F4 (Popup, 34D, EV 66.3 MPH)
|
|
Batting: LHB Leonard Morin
|
0-0: Called Strike 0-1: Called Strike 0-2: Foul Ball, location: 2F 0-2: Foul Ball, location: 2F 0-2: SINGLE (Groundball, 56D, EV 96.9 MPH) Tony Velasquez scores Randy Putman to second
|
|
Batting: RHB Everette Smith
|
0-0: Ball Wild Pitch! Randy Putman to third Leonard Morin to second 1-0: SINGLE (Groundball, 56D, EV 105.0 MPH) Randy Putman scores Leonard Morin to third Runner from 3rd tries for Home, SAFE, throw by LF to home
|
|
Batting: RHB Carlos Rios
|
0-0: Ball 1-0: Called Strike 1-1: 2-RUN HOME RUN (Flyball, 7D, EV 103.1 MPH), Distance : 375 ft
|
|
Batting: RHB Jim Ayers
|
0-0: Called Strike 0-1: Called Strike 0-2: Foul Ball, location: 2F 0-2: Fly out, F4 (Flyball, 34D, EV 87.5 MPH)
|
| Bottom of the 2nd over - 15 runs, 10 hits, 2 errors, 0 left on base; Huron 0 - Duluth-Superior 19 |
| TOP OF THE 3RD |
|
Huron Cubs batting - Pitching for Duluth-Superior Dukes : RHP Wallace Nunn
|
|
Batting: RHB John Leavitt
|
0-0: Called Strike 0-1: Ground out 6-3 (Groundball, 6, EV 80.0 MPH)
|
|
Batting: RHB Joe Pettini
|
0-0: Called Strike 0-1: Swinging Strike 0-2: Strikes out looking
|
|
Batting: RHB John Alvarez
|
0-0: Called Strike 0-1: Ball 1-1: Swinging Strike 1-2: Ball 2-2: Ball 3-2: Base on Balls
|
|
Batting: LHB Dennis Mork
|
0-0: Called Strike 0-1: Fly out, F8 (Line Drive, 8RD, EV 111.3 MPH)
|
| Top of the 3rd over - 0 runs, 0 hits, 0 errors, 1 left on base; Huron 0 - Duluth-Superior 19 |
| BOTTOM OF THE 3RD |
|
Duluth-Superior Dukes batting - Pitching for Huron Cubs : RHP Roy Moretti
|
|
Batting: RHB Mark Oestreich
|
0-0: Swinging Strike 0-1: Called Strike 0-2: Ball 1-2: Ground out 4-3 (Groundball, 4, EV 88.1 MPH)
|
|
Batting: LHB George Evans
|
0-0: Ball 1-0: Ball 2-0: Ball 3-0: Called Strike 3-1: Base on Balls
|
|
Batting: RHB Tony Velasquez
|
0-0: Foul Ball, location: 2F 0-1: Fly out, F8 (Flyball, 8RD, EV 94.4 MPH)
|
|
Batting: LHB Randy Putman
|
0-0: Ball 1-0: Ball 2-0: Called Strike 2-1: SINGLE (Line Drive, 78S, EV 90.0 MPH) George Evans to second
|
|
Batting: RHB James Rothford
|
0-0: Called Strike 0-1: Ball 1-1: SINGLE (Groundball, 6MD, EV 96.9 MPH) George Evans to third Randy Putman to second Runner from 3rd tries for Home, SAFE, throw by CF to home
|
|
Batting: LHB Leonard Morin
|
0-0: Called Strike 0-1: Foul Ball, location: 2F 0-2: Fly out, F8 (Flyball, 8RM, EV 90.0 MPH)
|
| Bottom of the 3rd over - 1 run, 2 hits, 0 errors, 2 left on base; Huron 0 - Duluth-Superior 20 |
| TOP OF THE 4TH |
|
Huron Cubs batting - Pitching for Duluth-Superior Dukes : RHP Wallace Nunn
|
|
Batting: RHB Leo Hernandez
|
0-0: Ball 1-0: SINGLE (Groundball, 4MD, EV 95.0 MPH)
|
|
Batting: RHB Charles Curry
|
0-0: Ball Leo Hernandez steals 2nd base (no throw) 1-0: Foul Ball, location: 2F 1-1: Ground out 4-3 (Groundball, 4, EV 88.1 MPH) Leo Hernandez to third
|
|
Batting: LHB Donald Fusari
|
0-0: Foul Ball, location: 2F 0-1: Ball 1-1: Fly out, F7 (Flyball, 7D, EV 72.5 MPH) Runner from 3rd tags up, OUT at HOME! 7-2
|
| Top of the 4th over - 0 runs, 1 hit, 0 errors, 0 left on base; Huron 0 - Duluth-Superior 20 |
| BOTTOM OF THE 4TH |
|
Duluth-Superior Dukes batting - Pitching for Huron Cubs : RHP Roy Moretti
|
|
Batting: RHB Everette Smith
|
0-0: Called Strike 0-1: SINGLE (Line Drive, 6D, EV 100.0 MPH)
|
|
Batting: RHB Carlos Rios
|
0-0: Called Strike 0-1: SINGLE (Groundball, 4MD, EV 95.0 MPH) Everette Smith to second
|
|
Batting: RHB Jim Ayers
|
0-0: Fly out, F8 (Flyball, 8RD, EV 95.6 MPH)
|
|
Batting: RHB Mark Oestreich
|
0-0: Ball 1-0: Called Strike 1-1: Ball 2-1: Ball 3-1: Base on Balls Everette Smith to third Carlos Rios to second
|
|
Batting: LHB George Evans
|
0-0: Swinging Strike 0-1: SINGLE (Groundball, 34D, EV 106.3 MPH) Everette Smith scores Carlos Rios to third Mark Oestreich to second Runner from 3rd tries for Home, SAFE, throw by RF to home
|
|
Batting: RHB Tony Velasquez
|
0-0: Ball 1-0: Ball 2-0: Ball 3-0: Base on Balls Mark Oestreich to third George Evans to second
|
|
Batting: LHB Randy Putman
|
0-0: Ball Wild Pitch! Mark Oestreich scores George Evans to third Tony Velasquez to second 1-0: Called Strike 1-1: Ball 2-1: Ball 3-1: Called Strike 3-2: SINGLE (Line Drive, 6, EV 94.4 MPH) George Evans scores Tony Velasquez to third
|
|
Batting: RHB James Rothford
|
0-0: Called Strike 0-1: SINGLE (Groundball, 34D, EV 100.6 MPH) Tony Velasquez scores Randy Putman to second
|
|
Batting: LHB Leonard Morin
|
0-0: Ball Wild Pitch! Randy Putman to third James Rothford to second 1-0: Ball 2-0: Ball 3-0: Called Strike 3-1: Foul Ball, location: 2F 3-2: Foul Ball, location: 2F 3-2: Base on Balls
|
|
Batting: RHB Everette Smith
|
0-0: Ball 1-0: Foul Ball, location: 2F 1-1: Ball 2-1: Ball 3-1: Foul Ball, location: 2F 3-2: SINGLE (Groundball, 4MD, EV 99.4 MPH) Randy Putman scores James Rothford to third Leonard Morin to second
|
|
Batting: RHB Carlos Rios
|
0-0: Called Strike 0-1: Ball 1-1: Called Strike 1-2: Ball 2-2: Ball 3-2: Base on Balls James Rothford scores Leonard Morin to third Everette Smith to second
|
|
Batting: RHB Jim Ayers
|
0-0: SINGLE (Groundball, 15S, EV 73.1 MPH) (infield hit) Leonard Morin scores Everette Smith to third Carlos Rios to second
|
|
Batting: RHB Mark Oestreich
|
0-0: Ball 1-0: DOUBLE (Line Drive, 9LM, EV 113.8 MPH) Everette Smith scores Carlos Rios scores Jim Ayers to third Runner from 3rd tries for Home, SAFE, no throw by RF
|
|
Batting: LHB George Evans
|
0-0: Ground out 4-3 (Groundball, 4M, EV 89.4 MPH) Mark Oestreich to third
|
|
Batting: RHB Tony Velasquez
|
0-0: Ball 1-0: Ball 2-0: Foul Ball, location: 2F 2-1: Ball 3-1: Foul Ball, location: 2F 3-2: Base on Balls
|
|
Batting: LHB Randy Putman
|
0-0: Ball 1-0: Ball 2-0: Ball 3-0: Called Strike 3-1: Base on Balls Tony Velasquez to second
|
|
Batting: RHB James Rothford
|
0-0: Called Strike 0-1: Foul Ball, location: 2F 0-2: Ball 1-2: Foul Ball, location: 2F 1-2: SINGLE (Groundball, 6MD, EV 99.4 MPH) Mark Oestreich scores Tony Velasquez to third Randy Putman to second Runner from 3rd tries for Home, SAFE, throw by CF to home
|
|
Batting: LHB Leonard Morin
|
0-0: SINGLE (Groundball, 4MD, EV 103.1 MPH) Randy Putman to third James Rothford to second Runner from 3rd tries for Home, SAFE, no throw by CF
|
|
Batting: RHB Everette Smith
|
0-0: Called Strike 0-1: Ball 1-1: Fly out, F9 (Flyball, 89S, EV 88.8 MPH)
|
| Bottom of the 4th over - 14 runs, 10 hits, 0 errors, 2 left on base; Huron 0 - Duluth-Superior 34 |
| TOP OF THE 5TH |
|
Huron Cubs batting - Pitching for Duluth-Superior Dukes : RHP Wallace Nunn
|
|
Batting: SHB Alfred Nichols
|
0-0: Ball 1-0: Ball 2-0: Fly out, F6 (Line Drive, 6, EV 66.9 MPH)
|
|
Batting: RHB Robert Benda
|
0-0: SINGLE (Groundball, 4MD, EV 108.8 MPH)
|
|
Batting: RHB John Leavitt
|
0-0: Bunt missed! 0-1: Bunted foul 0-2: Bunt - Flyout to 23! F3
|
|
Batting: RHB Joe Pettini
|
0-0: Ball Robert Benda steals 2nd base (no throw) 1-0: Ball 2-0: Foul Ball, location: 2F 2-1: SINGLE (Line Drive, 4MD, EV 100.6 MPH) Robert Benda to third Runner from 3rd tries for Home, SAFE, throw by CF to home
|
|
Batting: RHB John Alvarez
|
0-0: Ball 1-0: Ball 2-0: Called Strike 2-1: Foul Ball, location: 2F 2-2: Foul Ball, location: 2F 2-2: Foul Ball, location: 2F 2-2: Fly out, F9 (Flyball, 89S, EV 94.4 MPH)
|
| Top of the 5th over - 1 run, 2 hits, 0 errors, 1 left on base; Huron 1 - Duluth-Superior 34 |
| BOTTOM OF THE 5TH |
|
Duluth-Superior Dukes batting - Pitching for Huron Cubs : RHP Roy Moretti
|
|
Batting: RHB Carlos Rios
|
0-0: SINGLE (Groundball, 15S, EV 69.4 MPH) (infield hit)
|
|
Batting: RHB Jim Ayers
|
0-0: SINGLE (Line Drive, 6M, EV 95.0 MPH) Carlos Rios to second
|
|
Batting: RHB Mark Oestreich
|
0-0: SINGLE (Line Drive, 7S, EV 103.1 MPH) Carlos Rios to third Jim Ayers to second
|
|
Batting: LHB George Evans
|
0-0: Fly out, F7 (Line Drive, 7, EV 85.6 MPH) Runner from 3rd tags up, SCORES, no throw by LF
|
|
Batting: RHB Tony Velasquez
|
0-0: Grounds into double play, 4-6-3 (Groundball, 4, EV 100.6 MPH)
|
| Bottom of the 5th over - 1 run, 3 hits, 0 errors, 1 left on base; Huron 1 - Duluth-Superior 35 |
| TOP OF THE 6TH |
|
Huron Cubs batting - Pitching for Duluth-Superior Dukes : RHP Wallace Nunn
|
|
Batting: LHB Dennis Mork
|
0-0: Ball 1-0: Foul Ball, location: 2F 1-1: Called Strike 1-2: Foul Ball, location: 2F 1-2: Ground out 6-3 (Groundball, 6, EV 85.6 MPH)
|
|
Batting: RHB Leo Hernandez
|
0-0: Ball 1-0: Called Strike 1-1: SOLO HOME RUN (Flyball, 7D, EV 100.0 MPH), Distance : 360 ft
|
|
Batting: RHB Charles Curry
|
0-0: Foul Ball, location: 2F 0-1: Ball 1-1: Ball 2-1: Called Strike 2-2: Fly out, F7 (Line Drive, 7D, EV 100.6 MPH)
|
|
Batting: LHB Donald Fusari
|
0-0: Ball 1-0: Ball 2-0: Ball 3-0: Foul Ball, location: 2F 3-1: Swinging Strike 3-2: Foul Ball, location: 2F 3-2: SINGLE (Groundball, 6D, EV 110.6 MPH)
|
|
Batting: SHB Alfred Nichols
|
Pickoff Throw to First - Out! 1-3
|
| Top of the 6th over - 1 run, 2 hits, 0 errors, 0 left on base; Huron 2 - Duluth-Superior 35 |
| BOTTOM OF THE 6TH |
|
Duluth-Superior Dukes batting - Pitching for Huron Cubs : RHP Roy Moretti
|
|
Batting: LHB Randy Putman
|
0-0: Ball 1-0: Called Strike 1-1: Ball 2-1: Ball 3-1: Base on Balls
|
|
Batting: RHB James Rothford
|
0-0: Called Strike 0-1: Ball 1-1: DOUBLE (Line Drive, 9LD, EV 106.9 MPH) Randy Putman to third
|
|
Batting: LHB Leonard Morin
|
0-0: Ball 1-0: Ball 2-0: Foul Ball, location: 2F 2-1: Ground out 4-3 (Groundball, 4M, EV 80.0 MPH) Randy Putman scores James Rothford to third
|
|
Batting: RHB Everette Smith
|
0-0: Fly out, F8 (Flyball, 8RD, EV 101.9 MPH) Runner from 3rd tags up, OUT at HOME! 8-2
|
| Bottom of the 6th over - 1 run, 1 hit, 0 errors, 0 left on base; Huron 2 - Duluth-Superior 36 |
| TOP OF THE 7TH |
|
Huron Cubs batting - Pitching for Duluth-Superior Dukes : RHP Wallace Nunn
|
|
Batting: SHB Alfred Nichols
|
0-0: Ground out 4-3 (Groundball, 34, EV 82.5 MPH)
|
|
Batting: RHB Robert Benda
|
0-0: Ball 1-0: Swinging Strike 1-1: SINGLE (Groundball, 4MD, EV 101.9 MPH)
|
|
Batting: RHB John Leavitt
|
0-0: Called Strike Robert Benda steals 2nd base (no throw) 0-1: Swinging Strike 0-2: Foul Ball, location: 2F 0-2: Ball 1-2: Ball 2-2: Foul Ball, location: 2F 2-2: SINGLE (Line Drive, 7S, EV 90.0 MPH) Robert Benda to third
|
|
Batting: RHB Joe Pettini
|
0-0: Ball 1-0: Ball 2-0: Foul Ball, location: 2F 2-1: Ball 3-1: Base on Balls John Leavitt to second
|
|
Batting: RHB John Alvarez
|
0-0: Called Strike 0-1: Called Strike 0-2: Foul Ball, location: 2F 0-2: Ball 1-2: Foul Ball, location: 2F 1-2: Ball 2-2: Grounds into double play, 5-4-3 (Groundball, 56, EV 76.9 MPH)
|
| Top of the 7th over - 0 runs, 2 hits, 0 errors, 2 left on base; Huron 2 - Duluth-Superior 36 |
| BOTTOM OF THE 7TH |
|
Duluth-Superior Dukes batting - Pitching for Huron Cubs : RHP Roy Moretti
|
|
Batting: RHB Carlos Rios
|
0-0: Foul Ball, location: 2F 0-1: Ball 1-1: Called Strike 1-2: Foul Ball, location: 2F 1-2: Ball 2-2: SOLO HOME RUN (Flyball, 7D, EV 100.0 MPH), Distance : 377 ft
|
|
Batting: RHB Jim Ayers
|
0-0: Swinging Strike 0-1: Ball 1-1: Foul Ball, location: 2F 1-2: Ball 2-2: Ball 3-2: Base on Balls
|
|
Batting: RHB Mark Oestreich
|
0-0: Ball 1-0: 2-RUN HOME RUN (Flyball, 7D, EV 100.6 MPH), Distance : 354 ft
|
|
Batting: LHB George Evans
|
0-0: Called Strike 0-1: Foul Ball, location: 2F 0-2: Reached on error, E7 (Flyball, 7S, EV 95.6 MPH)
|
|
Pinch Hitting: LHB Gerald Dellinger
|
0-0: Ball 1-0: Foul Ball, location: 2F 1-1: Swinging Strike 1-2: Ball 2-2: SINGLE (Flyball, 89S, EV 97.5 MPH) George Evans to second
|
|
Batting: LHB Randy Putman
|
0-0: Foul Ball, location: 2F 0-1: Ball 1-1: Foul Ball, location: 2F 1-2: SINGLE (Flyball, 34D, EV 86.9 MPH) George Evans to third Gerald Dellinger to second
|
|
Batting: RHB James Rothford
|
0-0: Ball 1-0: Ball 2-0: Called Strike 2-1: GRAND SLAM HOME RUN (Flyball, 89XD, EV 100.0 MPH), Distance : 392 ft
|
|
Batting: LHB Leonard Morin
|
0-0: Ball 1-0: Ball 2-0: SINGLE (Groundball, 6D, EV 101.3 MPH)
|
|
Batting: RHB Everette Smith
|
0-0: Ball 1-0: Ball 2-0: Called Strike 2-1: Ball 3-1: Base on Balls Leonard Morin to second
|
|
Batting: RHB Carlos Rios
|
0-0: Foul Ball, location: 2F 0-1: Swinging Strike Passed Ball! Leonard Morin to third Everette Smith to second 0-2: Ball 1-2: Ball 2-2: Ball 3-2: Base on Balls
|
|
Batting: RHB Jim Ayers
|
0-0: Ball 1-0: Ball 2-0: Ball 3-0: Called Strike 3-1: Base on Balls Leonard Morin scores Everette Smith to third Carlos Rios to second
|
|
Batting: RHB Mark Oestreich
|
0-0: Foul Ball, location: 2F 0-1: Called Strike 0-2: SINGLE (Groundball, 6MD, EV 97.5 MPH) Everette Smith scores Carlos Rios to third Jim Ayers to second Runner from 3rd tries for Home, SAFE, no throw by CF
|
|
Batting: LHB George Evans
|
0-0: Ball 1-0: Ball Passed Ball! Jim Ayers to third Mark Oestreich to second 2-0: Ball 3-0: Base on Balls
|
|
Batting: LHB Gerald Dellinger
|
0-0: Ball 1-0: Called Strike 1-1: Grounds into double play, 4-6-3 (Groundball, 4D, EV 105.0 MPH) Jim Ayers scores Mark Oestreich to third
|
|
Batting: LHB Randy Putman
|
0-0: Swinging Strike 0-1: Ball 1-1: Ball 2-1: Foul Ball, location: 2F 2-2: Ball 3-2: Base on Balls
|
|
Batting: RHB James Rothford
|
0-0: Swinging Strike 0-1: SINGLE (Line Drive, 78S, EV 90.6 MPH) Mark Oestreich scores Randy Putman to second
|
|
Batting: LHB Leonard Morin
|
0-0: Called Strike 0-1: Ball 1-1: Ball 2-1: Swinging Strike 2-2: Ball 3-2: Base on Balls Randy Putman to third James Rothford to second
|
|
Batting: RHB Everette Smith
|
0-0: Called Strike 0-1: Ball Passed Ball! Randy Putman scores James Rothford to third Leonard Morin to second 1-1: Ball Passed Ball! James Rothford scores Leonard Morin to third 2-1: Ground out 4-3 (Groundball, 4, EV 77.5 MPH)
|
| Bottom of the 7th over - 14 runs, 8 hits, 1 error, 1 left on base; Huron 2 - Duluth-Superior 50 |
| TOP OF THE 8TH |
|
Huron Cubs batting - Pitching for Duluth-Superior Dukes : RHP Wallace Nunn
|
|
Now at 1B: Gerald Dellinger
|
|
|
Batting: LHB Dennis Mork
|
0-0: Swinging Strike 0-1: Ball 1-1: Ball 2-1: SINGLE (Flyball, 4D, EV 85.6 MPH)
|
|
Batting: RHB Leo Hernandez
|
0-0: 2-RUN HOME RUN (Flyball, 78XD, EV 95.0 MPH), Distance : 420 ft
|
|
Batting: RHB Charles Curry
|
0-0: Foul Ball, location: 2F 0-1: Ball 1-1: Fly out, F8 (Flyball, 78D, EV 88.1 MPH)
|
|
Batting: LHB Donald Fusari
|
0-0: Ground out 6-3 (Groundball, 6M, EV 85.6 MPH)
|
|
Batting: SHB Alfred Nichols
|
0-0: Ball 1-0: Called Strike 1-1: Ground out 4-3 (Groundball, 4, EV 87.5 MPH)
|
| Top of the 8th over - 2 runs, 2 hits, 0 errors, 0 left on base; Huron 4 - Duluth-Superior 50 |
| BOTTOM OF THE 8TH |
|
Duluth-Superior Dukes batting - Pitching for Huron Cubs : RHP Roy Moretti
|
|
Batting: RHB Carlos Rios
|
0-0: Called Strike 0-1: Ball 1-1: Ball 2-1: Swinging Strike 2-2: Ball 3-2: Foul Ball, location: 2F 3-2: Base on Balls
|
|
Batting: RHB Jim Ayers
|
0-0: Ball 1-0: Foul Ball, location: 2F 1-1: SINGLE (Line Drive, 56D, EV 95.0 MPH) Carlos Rios to second
|
|
Batting: RHB Mark Oestreich
|
0-0: Ball 1-0: Swinging Strike 1-1: Called Strike 1-2: Ball 2-2: Ball 3-2: Foul Ball, location: 2F 3-2: Base on Balls Carlos Rios to third Jim Ayers to second
|
|
Batting: LHB George Evans
|
0-0: SINGLE (Groundball, 34D, EV 94.4 MPH) Carlos Rios scores Jim Ayers to third Mark Oestreich to second Runner from 3rd tries for Home, SAFE, no throw by RF
|
|
Batting: LHB Gerald Dellinger
|
0-0: Foul Ball, location: 2F 0-1: Swinging Strike 0-2: Ball 1-2: Ball 2-2: Foul Ball, location: 2F 2-2: Foul Ball, location: 2F 2-2: Ball 3-2: Foul Ball, location: 2F 3-2: Base on Balls Mark Oestreich to third George Evans to second
|
|
Batting: LHB Randy Putman
|
0-0: Ball 1-0: Fly out, F8 (Line Drive, 8LM, EV 93.8 MPH) Runner from 3rd tags up, OUT at HOME! 8-2 George Evans to third Gerald Dellinger to second
|
|
Batting: RHB James Rothford
|
0-0: Called Strike 0-1: Ball 1-1: Called Strike 1-2: Ball Passed Ball! George Evans scores Gerald Dellinger to third 2-2: Ball 3-2: Foul Ball, location: 2F 3-2: Foul Ball, location: 2F 3-2: Base on Balls
|
|
Batting: LHB Leonard Morin
|
0-0: Ball 1-0: Ball 2-0: Swinging Strike 2-1: Ball 3-1: Base on Balls James Rothford to second
|
|
Batting: RHB Everette Smith
|
0-0: Called Strike 0-1: Swinging Strike 0-2: Foul Ball, location: 2F 0-2: Ball 1-2: DOUBLE (Groundball, 5L, EV 103.1 MPH) Gerald Dellinger scores James Rothford scores Leonard Morin to third Runner from 3rd tries for Home, SAFE, throw by LF to home
|
|
Batting: RHB Carlos Rios
|
0-0: Ball 1-0: Ball 2-0: Foul Ball, location: 2F 2-1: Called Strike 2-2: Foul Ball, location: 2F 2-2: Ball 3-2: Base on Balls
|
|
Batting: RHB Jim Ayers
|
0-0: Ball 1-0: SINGLE (Groundball, 13, EV 69.4 MPH) (infield hit) Everette Smith to third Carlos Rios to second
|
|
Batting: RHB Mark Oestreich
|
0-0: Ball Passed Ball! Everette Smith scores Carlos Rios to third Jim Ayers to second 1-0: Ball 2-0: Ball 3-0: Base on Balls
|
|
Batting: LHB George Evans
|
0-0: Ball 1-0: Fly out, F6 (Flyball, 6D, EV 95.6 MPH)
|
| Bottom of the 8th over - 7 runs, 4 hits, 0 errors, 3 left on base; Huron 4 - Duluth-Superior 57 |
| TOP OF THE 9TH |
|
Huron Cubs batting - Pitching for Duluth-Superior Dukes : RHP Wallace Nunn
|
|
Batting: RHB Robert Benda
|
0-0: Ball 1-0: Called Strike 1-1: Foul Ball, location: 2F 1-2: Foul Ball, location: 2F 1-2: Foul Ball, location: 2F 1-2: Strikes out swinging
|
|
Batting: RHB John Leavitt
|
0-0: Ball 1-0: Called Strike 1-1: Swinging Strike 1-2: Strikes out looking
|
|
Batting: RHB Joe Pettini
|
0-0: Ball 1-0: Foul Ball, location: 2F 1-1: Ball 2-1: Foul Ball, location: 2F 2-2: DOUBLE (Line Drive, 78M, EV 90.6 MPH)
|
|
Pitching: RHP Brian Harrison
|
|
|
Batting: RHB John Alvarez
|
0-0: Foul Ball, location: 2F 0-1: Ball 1-1: SINGLE (Line Drive, 8RS, EV 106.9 MPH) Joe Pettini to third
|
|
Batting: LHB Dennis Mork
|
0-0: Called Strike 0-1: Hit by Pitch John Alvarez to second
|
|
Batting: RHB Leo Hernandez
|
0-0: Ball 1-0: Ball 2-0: Ball 3-0: Base on Balls Joe Pettini scores John Alvarez to third Dennis Mork to second
|
|
Batting: RHB Charles Curry
|
0-0: Swinging Strike 0-1: Ball 1-1: Called Strike 1-2: Ball 2-2: Ball 3-2: Foul Ball, location: 2F 3-2: Strikes out looking
|
| Top of the 9th over - 1 run, 2 hits, 0 errors, 3 left on base; Huron 5 - Duluth-Superior 57 |
|